 Dungeon Crawl Stone Soup version 0.26.0-45-g9c1d065592 (webtiles) character file.

Game seed: 13299328618571995819

777 hatsuma the Skirmisher (level 7, -3/61 HPs)
             Began as a Demonspawn Abyssal Knight on Jan 26, 2021.
             Was a Priest of Lugonu.
             Slain by a lemure (8 damage)
             ... led by Pikel
             ... on level 4 of the Dungeon on Jan 27, 2021.
             The game lasted 00:26:58 (3903 turns).

hatsuma the Skirmisher (Demonspawn Abyssal Knight)  Turns: 3903, Time: 00:26:58

Health: -3/61      AC:  9    Str: 14    XL:     7   Next: 54%
Magic:  10/10      EV: 11    Int: 13    God:    Lugonu [***...]
Gold:   156        SH:  0    Dex: 13    Spells: 6/6 levels left

rFire    . . .     SeeInvis .   i - +1 rapier (venom)
rCold    . . .     Faith    .   (no shield)
rNeg     . . .     Spirit   .   h - +3 leather armour
rPois    .         Reflect  .   (helmet restricted)
rElec    .         Harm     .   s - scarf {repulsion}
rCorr    .         Rampage  .   (no gloves)
Will     .....                  b - +0 pair of boots
Stlth    ++........             (no amulet)
HPRegen  0.20/turn              (no ring)
MPRegen  0.12/turn              (no ring)

@: repel missiles
A: horns 1, molten scales 1, demonic guardian 1, powered by pain 1
a: Renounce Religion, Depart the Abyss, Bend Space, Banish


You were on level 4 of the Dungeon.
You worshipped Lugonu.
Lugonu was most pleased with you.
You visited 1 branch of the dungeon, and saw 4 of its levels.
You visited the Abyss 1 time.

You collected 156 gold pieces.

Inventory:

Hand Weapons
 a - a +1 falchion
 i - a +1 rapier of venom (weapon)
Missiles
 d - 221 stones (quivered)
Armour
 b - a +0 pair of boots (worn)
 h - a +3 leather armour (worn)
 s - a scarf of repulsion (worn)
Magical Staves
 o - an uncursed staff of death {unknown}
Wands
 u - a wand of random effects (28)
Scrolls
 f - a scroll of enchant weapon
 l - a scroll of immolation {unknown}
 m - a scroll of blinking {unknown}
 p - a scroll of enchant armour {unknown}
 r - 2 scrolls of fear {unknown}
 t - a scroll of random uselessness {unknown}
Potions
 c - 2 potions of attraction
 e - 2 potions of haste
 g - 2 potions of curing
 j - a potion of degeneration {unknown}
 k - 2 potions of mutation {unknown}
 n - a potion of resistance {unknown}
 q - a potion of flight {unknown}


   Skills:
 - Level 7.7 Fighting
 - Level 2.1 Long Blades
 - Level 2.0 Armour
 - Level 1.1 Dodging
 - Level 2.0 Stealth
 + Level 5.0 Invocations


You had 6 spell levels left.
You didn't know any spells.
Your spell library contained the following spells:

 Spells                   Type           Power        Failure   Level
 Beastly Appendage        Tmut           0%           36%         1
 Wereblood                Tmut           0%           50%         2
 Spider Form              Tmut/Pois      0%           75%         3
 Ice Form                 Ice/Tmut       0%           98%         4
 Blade Hands              Tmut           0%           100%        5


Dungeon Overview and Level Annotations

Branches:
Dungeon (4/15)
 Temple: D:4-7

Altars:
Dithmenos

Shops:
D:4 *


Innate Abilities, Weirdness & Mutations

You have a pair of small horns on your head.
You are partially covered in molten scales. (AC +2)
A weak demonic guardian rushes to your aid.
You sometimes gain a little power by taking damage.


Message History

Your iron imp disappears in a puff of smoke!
You see here a +0 mace.
You feel a little less mighty now.
You see here a +0 short sword.
There is a stone staircase leading down, spattered with blood here.
Things that are here:
6 poisoned darts; a +0 club You climb downwards.
The lemure barely misses you. The lemure closely misses you.
The lemure hits you.
* * * LOW HITPOINT WARNING * * *
There is a stone staircase leading up here.
You hit the lemure.
The lemure is poisoned.
The lemure is lightly wounded.
The lemure hits you!
* * * LOW HITPOINT WARNING * * *
The lemure barely misses you.
You hit the lemure.
The lemure is poisoned.
The lemure is lightly wounded.
The lemure barely misses you. The lemure hits you!
You die...

..# ##.# ###..# .
#....######### #..
###.#......@5..## ....
..........55†...#...?.
#..##.................
##.# ##.....(...######
#####..####.........# #
....((.#..†.........###
.#.###..).............+
##..##.........###
#.....##.........#


You could see 2 lemures and a friendly iron imp (summoned).

Vanquished Creatures
  Pikel (D:3)
  An ogre (D:4)
  A lemure (D:4)
  An iguana (D:2)
  2 worker ants
  2 gnolls (D:2)
  13 adders
  6 worms
  2 dart slugs (D:1)
  2 leopard geckos
  12 orcs (D:3)
  8 bats
  5 giant cockroaches
  7 goblins
  7 hobgoblins
  3 jackals (D:3)
  A quokka (D:4)
  A ball python (D:2)
  8 frilled lizards
  9 kobolds
  8 rats
100 creatures vanquished.

Vanquished Creatures (collateral kills)
  A lemure (D:3)
  An orc wizard (D:3)
  2 gnolls (D:2)
  An orc (D:3)
  A rat (D:2)
6 creatures vanquished.

Grand Total: 106 creatures vanquished

Notes
Turn   | Place    | Note
-------+----------+-------------------------------------------
     0 | Abyss:1  | hatsuma the Demonspawn Abyssal Knight began the quest for
                  | the Orb.
     0 | Abyss:1  | Reached XP level 1. HP: 18/18 MP: 2/2
     0 | D:1      | Escaped the Abyss
   125 | D:1      | Reached skill level 1 in Dodging
   506 | D:1      | Reached skill level 1 in Stealth
   535 | D:1      | Gained mutation: You sometimes gain a little power by
                  | taking damage. [demonic ancestry]
   535 | D:1      | Reached XP level 2. HP: 24/24 MP: 3/3
   591 | D:1      | Reached * piety under Lugonu
   910 | D:1      | Gained mutation: A weak demonic guardian rushes to your
                  | aid. [demonic ancestry]
   910 | D:1      | Reached XP level 3. HP: 29/29 MP: 5/5
  1227 | D:2      | Gained mutation: You are partially covered in molten
                  | scales. (AC +2) [demonic ancestry]
  1227 | D:2      | Reached XP level 4. HP: 35/35 MP: 5/7
  1349 | D:2      | Reached skill level 5 in Invocations
  1645 | D:2      | Reached ** piety under Lugonu
  2367 | D:3      | Reached XP level 5. HP: 42/42 MP: 8/8
  2432 | D:3      | Reached skill level 4 in Fighting
  3005 | D:3      | Reached *** piety under Lugonu
  3138 | D:3      | Reached skill level 5 in Fighting
  3512 | D:3      | Found a shadowy altar of Dithmenos.
  3546 | D:3      | Gained mutation: You have a pair of small horns on your
                  | head. [demonic ancestry]
  3546 | D:3      | Reached XP level 6. HP: 48/51 MP: 9/9
  3598 | D:4      | Found Haew Qat's General Store.
  3598 | D:4      | Noticed Pikel
  3873 | D:3      | Killed Pikel
  3874 | D:3      | Reached skill level 7 in Fighting
  3874 | D:3      | Reached XP level 7. HP: 9/61 MP: 10/10
  3874 | D:3      | Upgraded the game from 0.26.0-41-g79a4fc7684 to
                  | 0.26.0-45-g9c1d065592
  3903 | D:4      | Slain by a lemure

Illustrated notes

Levels and vault maps discovered:
D:1:      evilmike_arrival_rings, layout_loops_ring
D:2:      layout_basic, serial_forest, infiniplex_forest_corner_2,
          infiniplex_forest_clump_medium, infiniplex_forest_lined_room_2,
          infiniplex_forest_lined_2, grunt_decor_fettered
D:3:      layout_basic, old_standard_altar, minmay_cupped
D:4:      layout_rooms, nicolae_overflow_hidden_temple, lemuel_doored_altar,
          serial_shops, nicolae_shop_temple_entry_statues_fountains,
          grunt_ashenzari_visionary [grunt_ashenzari_visionary_shoals,
          grunt_ashenzari_visionary_snake], uniq_duvessa, uniq_pikel

Skill      XL: |  1  2  3  4  5  6 |
---------------+-------------------+-----
Dodging        | 1 |  1.1
Stealth        | 1 2 |  2.0
Armour         | 2 |  2.0
Invocations    | 4 5 |  5.0
Fighting       | 5 7 |  7.7
Long Blades    | 2 |  2.1

Action                   |  1- 3 |  4- 6 |  7- 9 || total
-------------------------+-------+-------+-------++-------
Melee: Falchion          |    83 |    28 |       ||   111
       Rapier            |       |   171 |     2 ||   173
       Headbutt          |       |     5 |       ||     5
Throw: Stone             |    16 |    29 |       ||    45
Invok: Depart the Abyss  |     1 |       |       ||     1
  Use: Scroll            |       |     4 |       ||     4
 Stab: Sleeping          |       |     4 |       ||     4
       Distracted        |       |     1 |       ||     1
Armor: Leather armour    |     3 |    63 |       ||    66
       Ring mail         |    24 |    26 |       ||    50
Dodge: Dodged            |    54 |   109 |     4 ||   167
       Rpst.: Falchion   |    16 |     1 |       ||    17
